[Event "Early-Titled-Tuesday-Blitz-September-05-2023"]
[Site "Chess.com"]
[Date "2023.09.05"]
[Round "5"]
[White "Larina_Maria"]
[Black "Der_Balak_3Halak"]
[Result "0-1"]
[WhiteElo "2203"]
[BlackElo "2403"]
[TimeControl "180+1"]
[EndTime "8:53:02 PDT"]
[Termination "Der_Balak_3Halak won by checkmate"]

1. e4 g6 2. d4 Bg7 3. Nc3 c5 4. Be3 Nc6 5. d5 Nd4 6. h4 Qb6 7. Rb1 d6 8. h5 h6 9. hxg6 fxg6 10. Nh3 g5 11. Qh5+ Kf8 12. Bxd4 cxd4 13. Nd1 Qb4+ 14. Ke2 Nf6 15. Qg6 e6 16. a3 Qc5 17. e5 dxe5 18.
dxe6 Bxe6 19. f3 Rd8 20. Ndf2 d3+ 21. Nxd3 Qxc2+ 22. Ke3 Nd5+ 23. Ke4 Nc3+ 24. Ke3 Nxb1 25. Nxe5 Qd2+ 26. Ke4 Qd4# 0-1

[Event "Early-Titled-Tuesday-Blitz-September-05-2023"]
[Site "Chess.com"]
[Date "2023.09.05"]
[Round "5"]
[White "GamayevOleg"]
[Black "BatboldNyamsuren0919"]
[Result "0-1"]
[WhiteElo "2612"]
[BlackElo "2468"]
[TimeControl "180+1"]
[EndTime "8:53:03 PDT"]
[Termination "BatboldNyamsuren0919 won by resignation"]

1. Nf3 Nf6 2. g3 d5 3. Bg2 Bg4 4. O-O Nbd7 5. d3 c6 6. Nc3 e6 7. h3 Bh5 8. e4 Be7 9. Bg5 O-O 10. Qd2 dxe4 11. Nxe4 Nxe4 12. dxe4 Bxf3 13. Bxe7 Qxe7 14.
Bxf3 Ne5 15. Be2 Rfd8 16. Qe3 Qb4 17. Rab1 Qd2 18. Qxd2 Rxd2 19. Bd1 Rad8 20. b3 h6 21. Rc1 c5 22. f4 Nc6 23. Bf3 Nb4 24. a3 Nxc2 25. Rf2 Rxf2 26. Kxf2 Rd2+ 27. Kg1 b6 28. a4 Nd4 29. Bd1 Rb2 30. Rc3 Rb1 31. Rd3 Nxb3 32.
Rxb3 Rxd1+ 33. Kf2 Ra1 34. Rd3 Rxa4 35. Ke3 Rd4 36.
Ra3 Rd7 37. e5 f6 38. g4 fxe5 39. fxe5 c4 40. Ra4 Rc7 41. Kd2 c3+ 42. Kc2 a5 43. Rd4 Kf7 44. Rd6 b5 45. Ra6 a4 46. Rb6 Rc5 47. Rb7+ Kg6 48. h4 h5 49. gxh5+ Kxh5 50. Rxg7 b4 51. Rb7 b3+ 52. Kc1 Rxe5 53. Kd1 c2+ 54. Kd2 Rd5+ 0-1

[Event "Early-Titled-Tuesday-Blitz-September-05-2023"]
[Site "Chess.com"]
[Date "2023.09.05"]
[Round "5"]
[White "Langua_Chess"]
[Black "Druid24"]
[Result "0-1"]
[WhiteElo "2484"]
[BlackElo "2655"]
[TimeControl "180+1"]
[EndTime "8:53:05 PDT"]
[Termination "Druid24 won on time"]

1. d4 Nf6 2. c4 g6 3. Nc3 Bg7 4. e4 d6 5. h3 O-O 6. Be3 e5 7.
d5 Nbd7 8. g4 Nc5 9. f3 a5 10.
h4 c6 11. h5 a4 12. Qd2 a3 13. b4 Na4 14. O-O-O Nxc3 15. Qxc3 cxd5 16. cxd5 Bxg4 17.
Kb1 Bxh5 18. Be2 Qc8 19. Qd2 Qd7 20. Nh3 Rfc8 21. Ng5 h6 22. Nh3 Kh7 23. Nf2 Ra4 24. Ng4 Bxg4 25. Bxh6 Bh5 26. Bxg7 Kxg7 27. Qg5 Rxb4+ 28.
Ka1 Rc2 29. Bd3 Qa4 30. Rdg1 Rxa2+ 31. Kxa2 Qb3+ 0-1

[Event "Early-Titled-Tuesday-Blitz-September-05-2023"]
[Site "Chess.com"]
[Date "2023.09.05"]
[Round "5"]
[White "play1ngtheangel"]
[Black "Herzog2012"]
[Result "0-1"]
[WhiteElo "2651"]
[BlackElo "2466"]
[TimeControl "180+1"]
[EndTime "8:53:11 PDT"]
[Termination "Herzog2012 won by resignation"]

1. e4 c5 2. Nf3 Nc6 3. Bb5 g6 4. Bxc6 dxc6 5. d3 Bg7 6. h3 Nf6 7. O-O Nd7 8. Nc3 e5 9. Be3 Qe7 10. Qd2 f6 11. Nh2 Nf8 12. f4 exf4 13. Rxf4 Ne6 14. Rf2 O-O 15. Raf1 Nd4 16. Ne2 Nxe2+ 17. Qxe2 Be6 18. b3 Rae8 19. Qd2 f5 20. Bh6 fxe4 21.
dxe4 Rxf2 22. Rxf2 Rd8 23. Qc1 Rf8 24. Rxf8+ Qxf8 25. Bxg7 Qxg7 26. Nf3 Qf6 27. Qe3 b6 28. c3 Kg7 29. Kh2 h6 30. Qd3 g5 31. g3 Bf7 32. e5 Qg6 33. Qe2 Be6 34. g4 Qf7 35.
Qe4 Bd5 36. e6 Bxe4 37. exf7 Bxf3 38. Kg3 Bd5 39. c4 Bxf7 40. Kf3 Bg6 41. Ke3 Kf6 42.
a3 Ke5 43. b4 cxb4 44. axb4 a5 45. c5 axb4 46. cxb6 Kd6 47. Kd4 c5+ 48. Kc4 Bf7+ 49. Kb5 b3 50. Ka6 b2 51. b7 b1=Q 52. Ka7 Kc7 0-1

[Event "Early-Titled-Tuesday-Blitz-September-05-2023"]
[Site "Chess.com"]
[Date "2023.09.05"]
[Round "5"]
[White "whitemirrorninja"]
[Black "Willychess95"]
[Result "0-1"]
[WhiteElo "2497"]
[BlackElo "2699"]
[TimeControl "180+1"]
[EndTime "8:53:12 PDT"]
[Termination "Willychess95 won by resignation"]

1. d4 f5 2. e3 Nf6 3. Bd3 e6 4.
Nf3 d5 5. Nc3 c6 6. Ne2 Bd6 7.
c4 O-O 8. b3 Bd7 9. a4 Qe7 10.
Bb2 Be8 11. Nf4 Nbd7 12. c5 Bc7 13. O-O Ne4 14. b4 g5 15. Ne2 Bh5 16. Ne5 Nxe5 17. dxe5 Bxe2 18. Qxe2 g4 19. f3 gxf3 20. gxf3 Ng5 21.
Kh1 Kh8 22. f4 Nf7 23. Qh5 Nd8 24. Rg1 a5 25. b5 b6 26. Bxf5 bxc5 27. Rg6 Rxf5 28.
Qxf5 exf5 29. e6+ d4 30. Rg5 Nxe6 31. Rxf5 Rf8 32. Rxf8+ Qxf8 33. bxc6 Qf5 34. Rg1 Qe4+ 35. Rg2 Qb1+ 0-1

[Event "Early-Titled-Tuesday-Blitz-September-05-2023"]
[Site "Chess.com"]
[Date "2023.09.05"]
[Round "5"]
[White "MKlose11"]
[Black "isla88"]
[Result "1-0"]
[WhiteElo "2654"]
[BlackElo "2483"]
[TimeControl "180+1"]
[EndTime "8:53:13 PDT"]
[Termination "MKlose11 won by resignation"]

1. e4 d6 2. d4 Nf6 3. Nc3 e5 4.
dxe5 dxe5 5. Qxd8+ Kxd8 6. Bc4 Bb4 7. Bd2 Ke7 8. f3 Be6 9. Bxe6 Kxe6 10. O-O-O c6 11.
Nh3 Bc5 12. Na4 Nbd7 13. Nxc5+ Nxc5 14. Ng5+ Ke7 15. Bb4 b6 16. Bxc5+ bxc5 17. Rd3 Rhd8 18. Rhd1 Rd4 19. Ra3 h6 20. Nh3 Nd7 21. Ra6 Nb6 22. Nf2 c4 23. c3 Rxd1+ 24. Nxd1 Kd6 25. Ne3 Kc5 26. Ra5+ Kd6 27. Nf5+ Kc7 28. Rxe5 Rd8 29. Re7+ Kb8 30. Rxf7 Na4 31. Rxg7 Nc5 32. Nd4 Nd3+ 33. Kc2 Rd6 34. b3 c5 35. bxc4 Ne1+ 36. Kd2 cxd4 37.
cxd4 Rxd4+ 38. Kxe1 Rxc4 39. Kd2 Ra4 40. e5 Rxa2+ 41.
Ke3 Kc8 42. f4 a5 43. f5 a4 44. f6 a3 45. f7 1-0

[Event "Early-Titled-Tuesday-Blitz-September-05-2023"]
[Site "Chess.com"]
[Date "2023.09.05"]
[Round "5"]
[White "unclear15"]
[Black "ChampStan"]
[Result "1-0"]
[WhiteElo "2405"]
[BlackElo "2109"]
[TimeControl "180+1"]
[EndTime "8:53:18 PDT"]
[Termination "unclear15 won by checkmate"]

1. e4 c5 2. Nc3 d6 3. d4 cxd4 4. Qxd4 Nc6 5. Qd2 Nf6 6. b3 e5 7. Bb2 Be7 8. O-O-O Nd7 9. Nf3 O-O 10. Nd5 Nf6 11.
Nxf6+ Bxf6 12. Qxd6 Bg4 13. Qxd8 Raxd8 14. Be2 Rfe8 15. h3 Bh5 16. g4 Bg6 17. Bd3 h6 18. Bc3 Rd7 19. Kb2 Red8 20. Rdg1 a6 21. h4 Re8 22. g5 hxg5 23. hxg5 Bd8 24. Nh4 Rd6 25. Nf5 Rde6 26. Rh2 Ne7 27. Rgh1 Kf8 28. Bb4 Rb6 29. Rh8# 1-0

[Event "Early-Titled-Tuesday-Blitz-September-05-2023"]
[Site "Chess.com"]
[Date "2023.09.05"]
[Round "5"]
[White "chess94cu"]
[Black "artooon"]
[Result "0-1"]
[WhiteElo "2717"]
[BlackElo "3044"]
[TimeControl "180+1"]
[EndTime "8:53:21 PDT"]
[Termination "artooon won by resignation"]

1. e4 c5 2. Nf3 Nc6 3. Bb5 Nf6 4. Nc3 d6 5. O-O e5 6. d3 Be7 7. Ne2 O-O 8. c3 Ne8 9. Ng3 Nc7 10. Ba4 g6 11. Bh6 Re8 12. d4 b5 13. Bb3 c4 14.
Bc2 Bf6 15. d5 Na5 16. a4 a6 17. h3 Bd7 18. Nh2 Bg5 19. Bxg5 Qxg5 20. axb5 axb5 21. Nf3 Qf6 22. Qd2 Nb7 23. Qh6 Qg7 24. Qe3 Nc5 25. Nd2 Rf8 26. f4 f5 27. exf5 gxf5 28. Rxa8 Nxa8 29.
fxe5 Qxe5 30. Qxe5 dxe5 31. Nxf5 Nb6 32. d6 Bxf5 33.
Bxf5 Rd8 34. Ne4 Nxe4 35. Bxe4 Rxd6 36. Rf5 Nd7 37. Rg5+ Kh8 38. Bf5 Nc5 39. Rh5 h6 40.
Bg4 Nd3 41. Bf5 Nxb2 42. Be4 Nd3 43. Kf1 Rf6+ 44. Ke2 Nf4+ 0-1

[Event "Early-Titled-Tuesday-Blitz-September-05-2023"]
[Site "Chess.com"]
[Date "2023.09.05"]
[Round "5"]
[White "AlexKhripachenko"]
[Black "nss13"]
[Result "1/2-1/2"]
[WhiteElo "2694"]
[BlackElo "2518"]
[TimeControl "180+1"]
[EndTime "8:53:21 PDT"]
[Termination "Game drawn by repetition"]

1. e4 c5 2. Nf3 e6 3. d4 cxd4 4. Nxd4 Nc6 5. Nc3 Qc7 6. Be3 a6 7. Qf3 Bd6 8. O-O-O Be5 9. Nxc6 bxc6 10. Bd4 Nf6 11.
Bxe5 Qxe5 12. Qg3 Qxg3 13. hxg3 d5 14. Bd3 a5 15. Rhe1 O-O 16. f3 Ba6 17. g4 h6 18.
Na4 Nd7 19. Re3 Bb5 20. exd5 Bxa4 21. dxe6 fxe6 22. b3 Bb5 23. Bxb5 cxb5 24. Rxd7 Rf7 25. Rxf7 Kxf7 26. Re5 b4 27. Kd2 Kf6 28. Rb5 g6 29. Ke3 Ra6 30. g3 Rc6 31. f4 Rxc2 32. g5+ hxg5 33.
fxg5+ Ke7 34. Rxa5 Kd6 35. Ke4 Re2+ 36. Kd3 Rg2 37. Kd4 Rxg3 38. Ra6+ Ke7 39. Ra7+ Kd6 40. Ra6+ Ke7 41. Ra7+ Kd6 42. Ra6+ 1/2-1/2

[Event "Early-Titled-Tuesday-Blitz-September-05-2023"]
[Site "Chess.com"]
[Date "2023.09.05"]
[Round "5"]
[White "NelsonLinda"]
[Black "The_Princess_Moon"]
[Result "1-0"]
[WhiteElo "2500"]
[BlackElo "2259"]
[TimeControl "180+1"]
[EndTime "8:53:21 PDT"]
[Termination "NelsonLinda won by resignation"]

1. b3 c5 2. Bb2 Nf6 3. Bxf6 exf6 4. c4 d5 5. cxd5 Qxd5 6. Nc3 Qd7 7. Rc1 b6 8. e3 a6 9. Na4 Qd8 10. Nf3 Bb7 11. Be2 Nd7 12. O-O b5 13. Nc3 g6 14.
d4 cxd4 15. Nxd4 Bg7 16. Bf3 Bxf3 17. Qxf3 O-O 18. Rfd1 Ne5 19. Qe2 Qe7 20. Nd5 Qa3 21. f4 Rad8 22. Nc2 Qc5 23. Ncb4 Qa7 24. fxe5 fxe5 25. Nc6 1-0

[Event "Early-Titled-Tuesday-Blitz-September-05-2023"]
[Site "Chess.com"]
[Date "2023.09.05"]
[Round "5"]
[White "Polish_fighter3000"]
[Black "Abund"]
[Result "1-0"]
[WhiteElo "3089"]
[BlackElo "2719"]
[TimeControl "180+1"]
[EndTime "8:53:22 PDT"]
[Termination "Polish_fighter3000 won by resignation"]

1. b4 d5 2. Bb2 Nf6 3. e3 Bg4 4. Nf3 e6 5. a3 Nbd7 6. h3 Bh5 7. c4 c6 8. Be2 Bxf3 9. gxf3 g6 10.
f4 Bg7 11. d3 Qe7 12. Nd2 a5 13. Qb3 axb4 14. axb4 Rxa1+ 15. Bxa1 O-O 16. h4 Ra8 17. Bc3 e5 18. fxe5 Nxe5 19. h5 Qe6 20. h6 Bf8 21. Qb2 Bd6 22. c5 Bc7 23. Nb3 Ned7 24. b5 Be5 25. Nd4 Qe7 26. bxc6 Nxc5 27. Kf1 Rb8 28. Nf5 gxf5 29. Bxe5 Na4 30. Bxf6 Nxb2 31. Bxe7 1-0

[Event "Early-Titled-Tuesday-Blitz-September-05-2023"]
[Site "Chess.com"]
[Date "2023.09.05"]
[Round "5"]
[White "ChessWarrior3"]
[Black "thedjoker98"]
[Result "1/2-1/2"]
[WhiteElo "2439"]
[BlackElo "2613"]
[TimeControl "180+1"]
[EndTime "8:53:22 PDT"]
[Termination "Game drawn - insufficient material"]

1. e4 e5 2. Nf3 Nc6 3. Bc4 Bc5 4. d3 Nf6 5. Nc3 h6 6. h3 d6 7. a3 a6 8. b4 Bb6 9. Be3 Bxe3 10.
fxe3 Be6 11. Nd5 O-O 12. O-O Bxd5 13. Bxd5 Nxd5 14. exd5 Ne7 15. c4 Ng6 16. Qe1 f5 17. Qg3 Kh7 18. Nd2 f4 19. Qf3 a5 20. d4 fxe3 21. Qxe3 Rxf1+ 22. Rxf1 axb4 23. axb4 Qg5 24. Qxg5 hxg5 25. Nf3 exd4 26. Nxg5+ Kh6 27. Nf7+ Kh7 28. Ng5+ Kg8 29. Ne6 Ra4 30. Rd1 Rxb4 31. Rxd4 Ne5 32.
Nxc7 Rxc4 33. Rxc4 Nxc4 34. Nb5 Kf7 35. Kf2 Kf6 36.
Ke2 Ke5 37. Kd3 Kxd5 38. Nc3+ Kc5 39. Ne4+ Kb4 40. Kd4 b5 41. g4 Ne5 42. Nxd6 Nf3+ 43. Ke4 Ng5+ 44. Kf5 Nxh3 45. Kg6 Kc5 46. Nxb5 Kxb5 47.
Kxg7 Kc5 48. Kf6 Kd6 49. g5 Nxg5 1/2-1/2

[Event "Early-Titled-Tuesday-Blitz-September-05-2023"]
[Site "Chess.com"]
[Date "2023.09.05"]
[Round "5"]
[White "djano"]
[Black "qx4z"]
[Result "1/2-1/2"]
[WhiteElo "2596"]
[BlackElo "2826"]
[TimeControl "180+1"]
[EndTime "8:53:23 PDT"]
[Termination "Game drawn by agreement"]

1. e4 e5 2. Nf3 Nc6 3. Bc4 Nf6 4. d4 exd4 5. O-O Nxe4 6. Re1 d5 7. Bxd5 Qxd5 8. Nc3 Qa5 9. Nxe4 Be6 10. Neg5 O-O-O 11. Nxe6 fxe6 12. Rxe6 Bd6 13. Qe2 h6 14. a4 g5 15. Qb5 Rhe8 16. Qxa5 Nxa5 17. Rxe8 Rxe8 18. Kf1 c5 19. b3 Nc6 20. Bd2 Kd7 21.
h3 a6 22. Re1 Rxe1+ 23. Kxe1 Ke6 24. Ke2 b5 25. axb5 axb5 26. c3 Kd5 27. g4 Be5 28. cxd4 Bxd4 29. h4 Bf6 30. hxg5 hxg5 31. Kd3 Ne5+ 32.
Nxe5 Kxe5 33. Be3 Be7 34. f3 Kf6 35. Ke4 Ke6 36. Bd2 1/2-1/2

[Event "Early-Titled-Tuesday-Blitz-September-05-2023"]
[Site "Chess.com"]
[Date "2023.09.05"]
[Round "5"]
[White "rdarruda"]
[Black "cthulhuuu"]
[Result "0-1"]
[WhiteElo "2580"]
[BlackElo "2465"]
[TimeControl "180+1"]
[EndTime "8:53:23 PDT"]
[Termination "cthulhuuu won by resignation"]

1. Nf3 Nf6 2. d4 g6 3. Nc3 d5 4. Bg5 Bg7 5. Bxf6 Bxf6 6. e4 dxe4 7. Nxe4 Bg7 8. Bc4 O-O 9. O-O c6 10. Qe2 Nd7 11. Rad1 Nf6 12. Rfe1 Qb6 13. Bb3 a5 14. a4 Bg4 15. h3 Bxf3 16. Qxf3 Nxe4 17. Qxe4 e6 18.
h4 h5 19. g4 hxg4 20. Qxg4 Rad8 21. Re4 f5 22. Qxg6 Rf6 23. Bxe6+ Kf8 24. Qh7 fxe4 25. Qg8+ Ke7 26. Qxg7+ Kxe6 27. Re1 Qxd4 28. Qg4+ Kf7 29. Rxe4 Qxf2+ 0-1

[Event "Early-Titled-Tuesday-Blitz-September-05-2023"]
[Site "Chess.com"]
[Date "2023.09.05"]
[Round "5"]
[White "Mops_2004"]
[Black "LoaySameer"]
[Result "1-0"]
[WhiteElo "2826"]
[BlackElo "2546"]
[TimeControl "180+1"]
[EndTime "8:53:24 PDT"]
[Termination "Mops_2004 won by checkmate"]

1. g3 Nf6 2. Bg2 g6 3. d4 Bg7 4. Nf3 O-O 5. O-O d6 6. Re1 c6 7. e4 Qc7 8. Nbd2 e5 9. c3 Nbd7 10. h3 Re8 11. a4 a5 12. Qc2 Nf8 13. Nc4 exd4 14. cxd4 d5 15. Bf4 Qd8 16. Nd6 Re6 17. e5 Ne8 18. Ng5 Re7 19. Nxc8 Rxc8 20. h4 Ne6 21. Nxe6 fxe6 22. Bg5 Qd7 23. Bxe7 Qxe7 24.
Rac1 Nc7 25. Qc5 Qxc5 26. Rxc5 Ra8 27. f4 Na6 28. Rc2 Nb4 29. Rd2 b5 30. axb5 cxb5 31. Bh3 Ra6 32. Rc1 Bf8 33. Rc7 Nc6 34. Bxe6+ Kh8 35. Bxd5 Ne7 36. Be4 b4 37. d5 a4 38.
d6 a3 39. bxa3 bxa3 40. dxe7 Bxe7 41. Rxe7 a2 42. Rd8# 1-0

[Event "Early-Titled-Tuesday-Blitz-September-05-2023"]
[Site "Chess.com"]
[Date "2023.09.05"]
[Round "5"]
[White "Witty_Alien"]
[Black "Speshka"]
[Result "0-1"]
[WhiteElo "2186"]
[BlackElo "2516"]
[TimeControl "180+1"]
[EndTime "8:53:24 PDT"]
[Termination "Speshka won by resignation"]

1. e4 c5 2. Nf3 a6 3. d4 cxd4 4. c3 dxc3 5. Bc4 e6 6. O-O b5 7.
Bb3 Bb7 8. Re1 Nc6 9. Nxc3 d6 10. a4 b4 11. Nd5 exd5 12. exd5+ Nce7 13. Nd4 Nf6 14. Bg5 Qd7 15. Rc1 Nxd5 16. Nc6 Nc3 17. Rxc3 bxc3 18. Bxe7 Qxc6 19. Bxd6+ Kd8 20. Bxf8+ Kc8 21.
Qg4+ Kb8 22. Bb4 Rd8 23. Qg3+ Qc7 24. Qh3 c2 25. Bxc2 Qxc2 26. Qg3+ Qc7 27. Bd6 Qxd6 0-1

[Event "Early-Titled-Tuesday-Blitz-September-05-2023"]
[Site "Chess.com"]
[Date "2023.09.05"]
[Round "5"]
[White "Aswathchess"]
[Black "Yerlan-Ra"]
[Result "1-0"]
[WhiteElo "2580"]
[BlackElo "2398"]
[TimeControl "180+1"]
[EndTime "8:53:27 PDT"]
[Termination "Aswathchess won by resignation"]

1. e4 e5 2. Nf3 d6 3. d4 exd4 4. Qxd4 Nf6 5. Nc3 Be7 6. Bb5+ c6 7. Be2 O-O 8. O-O Re8 9. a4 Be6 10. Bg5 Nbd7 11. Rfd1 Qb6 12. a5 Qc7 13. h3 h6 14.
Bf4 a6 15. Bxd6 Bxd6 16. Qxd6 Qxd6 17. Rxd6 Nc5 18. Rd4 Rad8 19. Rad1 Rxd4 20. Rxd4 Kf8 21. b4 Ncd7 22. e5 Nd5 23. Ne4 Rb8 24. Bc4 b6 25. Bxd5 Bxd5 26. Nc3 Bxf3 27. Rxd7 Bh5 28. Ne4 bxa5 29.
bxa5 Rb5 30. f4 Rxa5 31. g4 Bg6 32. Nd6 Bxc2 33. Rxf7+ Kg8 34. Rc7 Bb3 35. Nf5 Bd5 36.
Rxg7+ Kf8 37. Ra7 Ra1+ 38. Kf2 a5 39. Nd4 a4 40. e6 Rd1 41. e7+ Kf7 42. Nf5 Be6 43.
Ng7 Bd7 44. Rxd7 1-0

[Event "Early-Titled-Tuesday-Blitz-September-05-2023"]
[Site "Chess.com"]
[Date "2023.09.05"]
[Round "5"]
[White "Heinza9"]
[Black "Gogolev_Artemy"]
[Result "1-0"]
[WhiteElo "2284"]
[BlackElo "2420"]
[TimeControl "180+1"]
[EndTime "8:53:28 PDT"]
[Termination "Heinza9 won on time"]

1. e4 c5 2. Nf3 e6 3. b3 b6 4.
d4 cxd4 5. Nxd4 Bb7 6. Bd3 Nf6 7. Qe2 Nc6 8. Bb2 Nxd4 9. Bxd4 Bc5 10. Bxc5 bxc5 11.
O-O O-O 12. c4 d5 13. e5 dxc4 14. Bxc4 Nd5 15. Qg4 h5 16. Qg3 Ne7 17. Nc3 Qd4 18. Nb5 Qe4 19. Rfe1 h4 20. Rxe4 hxg3 21. Re2 gxf2+ 22.
Kxf2 Nf5 23. Nd6 Nxd6 24. exd6 Rad8 25. Rd1 Bd5 26. Bxd5 Rxd6 27. Rc2 1-0

[Event "Early-Titled-Tuesday-Blitz-September-05-2023"]
[Site "Chess.com"]
[Date "2023.09.05"]
[Round "5"]
[White "Iskusnyh"]
[Black "LeoWin2012"]
[Result "1-0"]
[WhiteElo "2613"]
[BlackElo "2226"]
[TimeControl "180+1"]
[EndTime "8:53:28 PDT"]
[Termination "Iskusnyh won on time"]

1. d4 d5 2. c4 e6 3. Nf3 a6 4. Nbd2 dxc4 5. Nxc4 b5 6. Nce5 Bb7 7.
g3 Nd7 8. Nxd7 Qxd7 9. Bg2 Nf6 10. O-O Be7 11. Ne5 Qc8 12. Nc6 Bd6 13. Bf4 Bxf4 14.
gxf4 Nd5 15. Qc1 Qd7 16. Na5 Rb8 17. Nxb7 Rxb7 18. Qc5 Rb6 19. e3 Rc6 20. Qa3 b4 21. Qa4 Rb6 22. Qa5 O-O 23. Rac1 Rc8 24. Rc5 Ne7 25.
Rfc1 Qd8 26. R1c4 g6 27. Rxb4 Rxb4 28. Qxb4 Rb8 29. Qc3 c6 30. Bxc6 Nxc6 31. Rxc6 1-0

[Event "Early-Titled-Tuesday-Blitz-September-05-2023"]
[Site "Chess.com"]
[Date "2023.09.05"]
[Round "5"]
[White "Jmf24"]
[Black "AdrianaPalao"]
[Result "1-0"]
[WhiteElo "2380"]
[BlackElo "2061"]
[TimeControl "180+1"]
[EndTime "8:53:31 PDT"]
[Termination "Jmf24 won by resignation"]

1. e4 e5 2. Nf3 Nc6 3. Nc3 Nf6 4. d4 exd4 5. Nxd4 Bb4 6. Nxc6 bxc6 7. Bd3 O-O 8. O-O d5 9. exd5 cxd5 10. h3 h6 11. Qf3 Be6 12. Bf4 Bd6 13. Rfe1 Rb8 14. b3 Bb4 15.
Bd2 d4 16. Nb1 Bd6 17. a4 Bd5 18. Qd1 Qc8 19. Na3 Qb7 20. f3 Rbe8 21. Nc4 Bg3 22. Rxe8 Rxe8 23. Qf1 Qc8 24. Be1 Bf4 25. Bf2 Nh5 26.
Re1 Bxc4 27. Bxc4 Be3 28. Bxe3 dxe3 29. Qd3 Nf4 30. Qd4 Qf5 31. Rxe3 Rxe3 32. Qxe3 g6 33. Bd3 Qf6 34. Kh2 Kg7 35. g3 Nd5 36. Qe4 Ne7 37. f4 Nf5 38. Qe5 Nd6 39. Qxf6+ Kxf6 40. Kg2 c5 41. Kf3 Ke6 42. g4 Kd5 43. Ke3 Ne8 44.
Bc4+ Kd6 45. Bxf7 Nf6 46. Bxg6 Nd5+ 47. Kf3 Ne7 48. Be4 Ke6 49. h4 Kf6 50. g5+ hxg5 51. hxg5+ Kg7 52. Kg4 Nc8 53. f5 Nd6 54. f6+ Kf7 55.
Bd5+ Kf8 56. g6 1-0

[Event "Early-Titled-Tuesday-Blitz-September-05-2023"]
[Site "Chess.com"]
[Date "2023.09.05"]
[Round "5"]
[White "TatjanaVasilevich"]
[Black "Kapitan_Bayan"]
[Result "1-0"]
[WhiteElo "2432"]
[BlackElo "2207"]
[TimeControl "180+1"]
[EndTime "8:53:32 PDT"]
[Termination "TatjanaVasilevich won by resignation"]

1. Nf3 d5 2. b3 Nf6 3. Bb2 c6 4. g3 Bg4 5. Ne5 Bf5 6. Bg2 Nbd7 7. O-O Nxe5 8. Bxe5 Nd7 9. Bb2 e5 10. d4 Bd6 11. c4 Bxb1 12. Rxb1 e4 13. f3 f5 14. fxe4 fxe4 15. e3 Nf6 16. cxd5 cxd5 17. Bh3 O-O 18. Qe2 Qe7 19. Rf2 h6 20. Rbf1 Nh7 21. Bf5 Ng5 22. Bg4 Rxf2 23. Rxf2 h5 24. Bf5 Nf3+ 25.
Rxf3 exf3 26. Qxf3 Qf7 27. Bh7+ Kf8 28. Qf5 Qxf5 29. Bxf5 Re8 30. Kf2 Kf7 31. Kf3 g6 32. Bd3 Bb4 33. a3 Bd2 34. e4 dxe4+ 35. Bxe4 b6 36.
Bc6 Re3+ 37. Kf2 Ke7 38. Bd5 Re1 39. a4 Rb1 40. Ba3+ Kd7 41. Bf7 a5 42. Bf8 Bb4 43. Bg7 Rb2+ 44. Ke3 Rxh2 45. Bxg6 Bd6 46. Kf3 Rh3 47.
Bf5+ 1-0

[Event "Early-Titled-Tuesday-Blitz-September-05-2023"]
[Site "Chess.com"]
[Date "2023.09.05"]
[Round "5"]
[White "TERMINATOR_PC"]
[Black "sergoy"]
[Result "0-1"]
[WhiteElo "2517"]
[BlackElo "2893"]
[TimeControl "180+1"]
[EndTime "8:53:33 PDT"]
[Termination "sergoy won by resignation"]

1. e4 c6 2. d4 d5 3. e5 c5 4.
dxc5 e6 5. a3 Bxc5 6. Nf3 Ne7 7.
Bd3 Nbc6 8. b4 Bb6 9. O-O Ng6 10. Re1 O-O 11. Bb2 f6 12. exf6 gxf6 13. c4 dxc4 14.
Bxc4 Qxd1 15. Rxd1 Kg7 16. Nc3 e5 17. Nd5 Bg4 18.
Nxb6 axb6 19. Bd5 Nf4 20. Be4 Rad8 21. h3 Bh5 22. Rxd8 Rxd8 23. Bxc6 bxc6 24. Nxe5 Rd2 25. Nc4 Rc2 26. Nxb6 Rxb2 27. a4 Rxb4 28. a5 Ne6 29. Rc1 Be8 30. Re1 Kf7 31. Nc8 Bd7 32. Nd6+ Kg6 33.
Ra1 Rb8 34. a6 Ra8 35. a7 Nd4 36. Kf1 c5 37. Ra5 Nc6 38. Rxc5 Rxa7 39. g3 Ne5 40.
Kg2 Bc6+ 41. Kh2 Ra1 42. g4 Rh1+ 43. Kg3 Rg1+ 0-1

[Event "Early-Titled-Tuesday-Blitz-September-05-2023"]
[Site "Chess.com"]
[Date "2023.09.05"]
[Round "5"]
[White "kikoveiga"]
[Black "colegiodemadrid"]
[Result "1/2-1/2"]
[WhiteElo "2595"]
[BlackElo "2460"]
[TimeControl "180+1"]
[EndTime "8:53:38 PDT"]
[Termination "Game drawn - insufficient material"]

1. c4 Nf6 2. Nc3 g6 3. e4 d6 4. g3 Bg7 5. Bg2 O-O 6. Nge2 c5 7. O-O Nc6 8. d3 Rb8 9. h3 a6 10. a4 Ne8 11. Be3 Nc7 12. d4 cxd4 13. Nxd4 Nxd4 14.
Bxd4 Bxd4 15. Qxd4 Ne6 16. Qe3 a5 17. e5 dxe5 18.
Qxe5 Qc7 19. Qxc7 Nxc7 20. Rfe1 Be6 21. Nd5 Bxd5 22. Bxd5 e6 23. Bf3 Rfd8 24. Rad1 b6 25. Kf1 Na6 26. Ke2 Nc5 27. Bc6 Kf8 28. Rb1 Rbc8 29.
Bb5 Nb3 30. Red1 Ke7 31. Ke3 f5 32. f4 Kf6 33. Ba6 Rb8 34. Bb5 e5 35. fxe5+ Kxe5 36. Bc6 Rbc8 37. Rd5+ Rxd5 38. Bxd5 Kd6 39. h4 Re8+ 40. Kf4 h6 41. h5 gxh5 42. Kxf5 Re5+ 43. Kg6 Rg5+ 44. Kxh6 Rxg3 45. Kxh5 Nc5 46. b4 Nxa4 47. bxa5 bxa5 48. Rb5 Nc3 49. Rxa5 Nxd5 50. Rxd5+ Kc6 51. Kh4 Rc3 52. Kg5 Rxc4 53. Rf5 Rc5 54. Rxc5+ Kxc5 1/2-1/2

[Event "Early-Titled-Tuesday-Blitz-September-05-2023"]
[Site "Chess.com"]
[Date "2023.09.05"]
[Round "5"]
[White "dropstoneDP"]
[Black "tptagain"]
[Result "0-1"]
[WhiteElo "3003"]
[BlackElo "2922"]
[TimeControl "180+1"]
[EndTime "8:53:41 PDT"]
[Termination "tptagain won by resignation"]

1. e4 c6 2. d4 d5 3. e5 Bf5 4.
Nf3 e6 5. Be2 Nd7 6. O-O Ne7 7.
a4 a5 8. Nbd2 Nc8 9. Re1 Be7 10.
Nf1 Bg6 11. Ng3 Ncb6 12. b3 c5 13. Be3 O-O 14. Bb5 Rc8 15. c3 cxd4 16. Bxd4 Bc5 17. Qd2 Qe7 18. h4 h6 19. h5 Bh7 20. Rac1 Rc7 21. Qb2 Ba3 22. Qd2 Bxc1 23. Qxc1 Rfc8 24. Qe3 Nc5 25. b4 Ncxa4 26. Bxb6 Rxc3 27. Qd4 Nxb6 28. Qxb6 Qxb4 29. Re3 R3c5 30. Qxb7 Qxb5 31. Qe7 Qb4 32. Kh2 R5c7 33. Qxb4 axb4 34. Rb3 Rb8 35. Nd4 Rc4 36. Rb2 Rxd4 0-1

[Event "Early-Titled-Tuesday-Blitz-September-05-2023"]
[Site "Chess.com"]
[Date "2023.09.05"]
[Round "5"]
[White "TregubovP"]
[Black "GrumbleBruno"]
[Result "1/2-1/2"]
[WhiteElo "2630"]
[BlackElo "2489"]
[TimeControl "180+1"]
[EndTime "8:53:42 PDT"]
[Termination "Game drawn by repetition"]

1. e4 e5 2. Nf3 d5 3. Nxe5 Bd6 4. d4 dxe4 5. Nc3 Bxe5 6. dxe5 Qxd1+ 7. Kxd1 Bf5 8. Bb5+ c6 9. Bc4 Nd7 10. Re1 Nxe5 11.
Nxe4 O-O-O+ 12. Bd3 Nxd3 13. cxd3 Rxd3+ 14. Bd2 Bxe4 15. Rxe4 Nf6 16. Re3 Rhd8 17. Rxd3 Rxd3 18. Kc2 Rd6 19. Bc3 Re6 20. Rf1 g6 21. h3 Nd5 22. Bd2 b6 23.
Kd3 Kd7 24. Rc1 Kd6 25. Rc4 c5 26. Rh4 h5 27. g4 hxg4 28. hxg4 b5 29. Rh7 Re7 30.
b3 a6 31. Rh8 Rd7 32. Ra8 Nc7 33.
Rb8 Kc6+ 34. Ke2 Ne6 35. Be3 Nd4+ 36. Kf1 Ne6 37. Ke2 Nd4+ 38. Kf1 Ne6 39. Ke2 1/2-1/2

[Event "Early-Titled-Tuesday-Blitz-September-05-2023"]
[Site "Chess.com"]
[Date "2023.09.05"]
[Round "5"]
[White "Agoking701"]
[Black "Khromkin"]
[Result "1-0"]
[WhiteElo "2571"]
[BlackElo "2412"]
[TimeControl "180+1"]
[EndTime "8:53:42 PDT"]
[Termination "Agoking701 won by resignation"]

1. e4 c5 2. Nc3 Nc6 3. Bb5 g6 4. Bxc6 bxc6 5. f4 Bg7 6. Nf3 d5 7. O-O d4 8. Ne2 c4 9. d3 Ba6 10. b3 cxd3 11. cxd3 Nf6 12. Ba3 Ng4 13. Qd2 O-O 14.
Bc5 Re8 15. Nexd4 e5 16. fxe5 Nxe5 17. Nxe5 Bxe5 18. Qf2 Qd7 19. Rad1 Rad8 20. Nf3 Bg7 21. Rfe1 Qg4 22. h3 Qh5 23. d4 Bh6 24. Nh2 Qxc5 25.
dxc5 Rxd1 26. Rxd1 Rxe4 27. Ng4 Bf8 28. Nf6+ 1-0